cohdb
Replays
Latest Replays
All Replays
Popular Replays
Top Player Replays
Match Explorer
How It Works
Community
CoH3 Stats
Reddit
Sign in to upload your games and track your stats! →
Sign in with Steam
Match 44345228
Unlisted
Match 44345228
Overview
Messages
Build Orders
End
Vickers Machine Gun Team
Construct Section Command Post
Dingo Light Scout Car
Royal Engineer Section
Vickers Machine Gun Team
Construct Platoon Command Post
Humber Armored Car
Infantry Section
Infantry Section
Construct Company Command Post
Crusader II Medium Tank
Foot Guards Section
Selects Canadian Shock Battlegroup
Selects Attacking Spirit
Selects Canadian Shock Section
Selects Smoke Operation
Selects Incendiary Munitions
Crusader II Medium Tank
Smoke Operation
Crusader II Medium Tank
Royal Engineer Section
Selects Pyrotechnics
Grenade Package
Smoke Operation
Armored Vehicle Training
Ssezra
robwarrior
BAOBAB
Arivior
Allawenchen
packapacka
R#
Hallstatt
0
0
Comments
sign in to comment!
No comments posted yet!